 Dungeon Crawl Stone Soup version 0.28.0-53-g5a82cb258f (webtiles) character file.

Game seed: 2047486413850679911

107 Infinimo the Cudgeller (level 4, 0/48 HPs)
             Began as an Ogre Gladiator on May 26, 2022.
             Succumbed to an adder's poison
             ... on level 3 of the Dungeon.
             The game lasted 00:04:05 (3126 turns).

Infinimo the Cudgeller (Ogre Gladiator)             Turns: 3126, Time: 00:04:06

Health: 0/48       AC:  3    Str: 18    XL:     4   Next: 85%
Magic:  4/4        EV: 10    Int: 11    God:
Gold:   65         SH:  0    Dex: 10    Spells: 3/3 levels left

rFire   . . .      SeeInvis .   f - +0 whip (elec)
rCold   . . .      Faith    .   (no shield)
rNeg    . . .      Spirit   .   b - +0 robe
rPois   .          Reflect  .   c - +0 hat
rElec   .          Harm     .   (no cloak)
rCorr   .          Rampage  .   (gloves unavailable)
Will    .....                   (boots unavailable)
Stlth   +.........              (no amulet)
HPRegen 0.16/turn               (no ring)
MPRegen 0.09/turn               (no ring)

@: lethally poisoned (0 -> -4)
A: large, unfitting armour, tough skin 1
a: no special abilities


You were on level 3 of the Dungeon.
You visited 1 branch of the dungeon, and saw 3 of its levels.

You collected 65 gold pieces.

Inventory:

Hand Weapons
 f - a +0 whip of electrocution (weapon)
Missiles
 d - 3 throwing nets (quivered)
 j - 2 poisoned darts
Armour
 b - a +0 robe (worn)
 c - a +0 hat (worn)
Jewellery
 h - a ring of ice
Scrolls
 e - a scroll of blinking {unknown}
 g - a scroll of enchant armour {unknown}
 i - a scroll of magic mapping


   Skills:
 + Level 4.2 Fighting
 * Level 4.3 Maces & Flails
 - Level 2.0 Throwing
 - Level 2.6 Dodging


You had 3 spell levels left.
You didn't know any spells.
Your spell library contained the following spells:

 Spells                   Type           Power      Damage    Failure   Level
 Sandblast                Erth           0%         2d4       34%         1
 Passwall                 Tmut/Erth      0%         N/A       47%         2
 Stone Arrow              Conj/Erth      0%         3d7       71%         3


Dungeon Overview and Level Annotations

Branches:
Dungeon (3/15)

Altars:
Kikubaaqudgha

Shops:
D:2 [


Innate Abilities, Weirdness & Mutations

You are too large for most types of armour.
You have tough skin. (AC +1)


Message History

You feel sick. The adder bites you.
You are more poisoned.
The adder poisons you!
You barely miss the adder.
The adder is moderately wounded.
You feel very sick. The adder bites you but does no damage.
The adder misses you.
You are too injured to fight recklessly!
You are too injured to fight recklessly!
You barely miss the adder.
The adder is moderately wounded.
You feel sick. The adder bites you.
You closely miss the adder.
The adder is moderately wounded.
You feel sick. The adder closely misses you.
You hit the adder.
The adder is almost dead.
You feel sick. The adder bites you.
* * * LOW HITPOINT WARNING * * *
You are lethally poisoned!
The adder poisons you!
You aren't carrying any potions.
You aren't carrying any potions.
As you read the scroll of teleportation, it crumbles to dust.
You feel strangely unstable.
* * * LOW HITPOINT WARNING * * *
You feel very sick. The adder closely misses you.
* * * LOW HITPOINT WARNING * * *
You feel sick.
* * * LOW HITPOINT WARNING * * *
You feel sick. The adder barely misses you.
Your surroundings suddenly seem different.
Found a viscous white potion.
Found a faded altar of an unknown god.
* * * LOW HITPOINT WARNING * * *
You feel sick.
You hit the fungus.
The fungus begins to die.
Lightning courses through the fungus!
The fungus is lightly damaged.
You die...

######## # #
.#####
#.###P.P.#
#....P.P#
###P......# P
#P...P.P..#..P.
#....PP@.._.P.P
#P......P.#.P.P
.##.......# P
#..PP.P.#
#.###!...# #
.##### #


There were no monsters in sight!

Vanquished Creatures
  A gnoll (D:2)
  3 adders
  A worm (D:2)
  2 dart slugs
  8 ball pythons
  5 bats
  4 endoplasms
  2 giant cockroaches (D:1)
  5 goblins
  A hobgoblin (D:2)
  9 kobolds
  4 quokkas
  10 frilled lizards
  6 rats
61 creatures vanquished.

Notes
Turn   | Place    | Note
-------+----------+-------------------------------------------
     0 | D:1      | Infinimo the Ogre Gladiator began the quest for the Orb.
     0 | D:1      | Reached XP level 1. HP: 22/22 MP: 1/1
   281 | D:1      | Reached XP level 2. HP: 19/31 MP: 2/2
  1405 | D:2      | Reached XP level 3. HP: 28/37 MP: 3/3
  1529 | D:2      | Found an ancient bone altar of Kikubaaqudgha.
  1649 | D:2      | Found Etwitod's Antique Armour Shop.
  2227 | D:2      | Reached XP level 4. HP: 48/48 MP: 4/4
  3124 | D:3      | HP: 2/48 [poisoned by an adder]
  3125 | D:3      | Found a faded altar of an unknown god.
  3126 | D:3      | Succumbed to an adder's poison

Illustrated notes

Levels and vault maps discovered:
D:1:      minmay_arrival_shoal_huts, layout_basic
D:2:      layout_rooms, serial_shops, shop, basic_altar, minmay_lizard_pond
D:3:      layout_basic, gup_sewer_entry_glass, shapermc_ecumenical_altar_gd,
          uniq_robin

Skill      XL: |  1  2  3  4 |
---------------+-------------+-----
Fighting       | 3 4 |  4.2
Maces & Flails | 3 4 |  4.3
Throwing       | |  2.0
Dodging        | |  2.6

Action                   |  1- 3 |  4- 6 || total
-------------------------+-------+-------++-------
Melee: Flail             |    55 |       ||    55
       Whip              |    73 |    94 ||   167
       Punch             |     2 |       ||     2
  Use: Scroll            |     3 |     1 ||     4
 Stab: Sleeping          |     1 |     1 ||     2
Armor: Robe              |    41 |    21 ||    62
Dodge: Dodged            |    69 |    58 ||   127
